 Dungeon Crawl Stone Soup version 0.31.0-12-g77e489cdc1 (webtiles) character file.

Game seed: 5685319915672563986

3761 hawla the Cruncher (level 9, 0/83 HPs)
             Began as a Minotaur Fighter on Feb 19, 2024.
             Was an Initiate of Yredelemnul.
             Shot with an arrow by a centaur warrior (11 damage)
             ... on level 9 of the Dungeon.
             The game lasted 00:14:52 (7039 turns).

hawla the Cruncher (Minotaur Fighter)               Turns: 7039, Time: 00:14:52

Health: 0/83       AC: 18    Str: 21    XL:     9   Next: 94%
Magic:  8/8        EV:  8    Int:  5    God:    Yredelemnul [......]
Gold:   259        SH:  0    Dex: 14    Spells: 8/8 levels left

rFire   . . .        w - +6 quarterstaff (spect)
rCold   . . .        (shield currently unavailable)
rNeg    + . .        y - +3 chain mail {rN+}
rPois   .            (helmet restricted)
rElec   .            k - +1 cloak
rCorr   .            (no gloves)
SInv    +            (no boots)
Will    .....        (no amulet) Stlth
                     h - +4 ring of protection
HPRegen 0.33/turn    x - ring of see invisible
MPRegen 0.11/turn

%: no passive effects
@: about to teleport
A: horns 2, retaliatory headbutt
a: Renounce Religion, Recall Undead Harvest


You were on level 9 of the Dungeon.
You worshipped Yredelemnul.
Yredelemnul was noncommittal.
You visited 1 branch of the dungeon, and saw 9 of its levels.

You collected 481 gold pieces.
You spent 222 gold pieces at shops.

Inventory:

Hand Weapons
 j - the +9 staff of Olgreb {rPois∞}
   (You found it on level 2 of the Dungeon)

   Radiate:   It can be activated via the 'a'bility menu to radiate toxic
   energy, with effectiveness depending on Evocations skill.
   Alch:      It enhances your alchemy magic.
   rPois∞: It grants immunity to poison.
 w - a +6 spectral quarterstaff (weapon)
Missiles
 o - 22 poisoned darts (quivered)
 v - 3 atropa-tipped darts
Armour
 c - a +0 buckler
 k - a +1 cloak (worn)
 y - a +3 chain mail of positive energy (worn)
Jewellery
 h - a +4 ring of protection (left hand)
 x - a ring of see invisible (right hand)
 F - a ring of protection from fire
 G - an amulet of magic regeneration
Wands
 b - a wand of flame (18)
 q - a wand of mindburst (11)
 E - a wand of iceblast (9)
Scrolls
 g - a scroll of brand weapon
 p - a scroll of vulnerability
 s - 2 scrolls of silence
 u - a scroll of torment
 C - 2 scrolls of teleportation
Potions
 a - a potion of mutation {unknown}
 d - 2 potions of might
 e - 3 potions of magic
 l - a potion of curing
 m - a potion of heal wounds {unknown}
 n - 2 potions of lignification {unknown}
 r - 3 potions of attraction {unknown}
 t - a potion of ambrosia {unknown}
 z - a potion of haste {unknown}
 A - a potion of invisibility {unknown}
 B - 2 potions of brilliance {unknown}


   Skills:
 - Level 9.0 Fighting
 - Level 2.4 Long Blades
 - Level 14.0 Staves
 - Level 3.6 Armour
 - Level 3.6 Shields
 + Level 3.3 Evocations


You had 8 spell levels left.
You didn't know any spells.
Your spell library was empty.

Dungeon Overview and Level Annotations

Branches:
Dungeon (9/15)             Temple (0/1) D:7
   Lair: D:8-11         Orc: D:9-12

Altars:
Cheibriados
Dithmenos
Okawaru
Trog
Yredelemnul

Shops:
D:5 *


Innate Abilities, Weirdness & Mutations

You have a pair of horns on your head.
You reflexively headbutt those who attack you in melee.


Message History

The centaur warrior unwields a +0 orcbow.
The centaur warrior hits you but does no damage.
The centaur warrior kicks you but does no damage.
The yak gores you but does no damage. The yak barely misses you.
The yak gores you but does no damage.
The centaur warrior hits you but does no damage.
The centaur warrior kicks you.
You closely miss the centaur warrior.
Your headbutt misses the centaur warrior.
Your +6 spectral quarterstaff hits the centaur warrior.
The yak closely misses you. You furiously retaliate!
You headbutt the yak. The yak gores you but does no damage. The yak gores you.
You barely miss the centaur warrior. You headbutt the centaur warrior.
The centaur warrior is lightly wounded.
Your +6 spectral quarterstaff hits the centaur warrior.
The centaur warrior hits you.
The centaur warrior kicks you but does no damage.
You hit the centaur warrior but do no damage.
The centaur warrior is lightly wounded.
Your +6 spectral quarterstaff hits the centaur warrior!
The centaur warrior hits you.
The centaur warrior kicks you but does no damage.
The yak gores you but does no damage. The yak gores you!
* * * LOW HITPOINT WARNING * * *
The yak gores you!
* * * LOW HITPOINT WARNING * * *
As you read the scroll of fear, it crumbles to dust.
You assume a fearsome visage.
The yak looks frightened! x3
The centaur warrior looks frightened!
Your +6 spectral quarterstaff disappears.
Okay, then.
As you read the scroll of teleportation, it crumbles to dust.
You feel strangely unstable.
Cornered, the centaur warrior turns to fight!
The centaur warrior wields a +0 orcbow.
The centaur warrior shoots an arrow.
The arrow hits you.
* * * LOW HITPOINT WARNING * * *
The centaur warrior shoots an arrow.
The arrow hits you!
You die...
Your body rises from the dead as a mindless zombie.

##.####### ####+####
#....$...# #.......#
#(.......# #.......#
##>.....YY# #.......#
.:....$...####.......#
#........##.'.......#
#........##.#.(.....#
#.....@....Y#.......+
#........####.......#
#.......c# ##'######
###.###### #.## #.
#>.# # ##.# #.# ##
#####.######.
#............


You could see a centaur warrior and 3 yaks.

Vanquished Creatures
  Pikel (D:8)
  Jeremiah (D:6)
  A hornet (D:9)
  Eustachio (D:6)
  Edmund (D:6)
  A water moccasin (D:8)
  Duvessa (D:5)
  2 sky beasts (D:7)
  An ice beast (D:7)
  A black bear (D:5)
  An ogre (D:5)
  A lemure (D:8)
  4 bullfrogs
  A scorpion (D:5)
  7 wights (D:7)
  Dowan (D:5)
  4 killer bees (D:8)
  3 bombardier beetles
  3 orc priests (D:8)
  A jelly (D:5)
  A hound (D:7)
  2 gnoll boudas (D:7)
  Crazy Yiuf (D:3)
  An iguana (D:5)
  2 orc wizards
  7 adders
  24 gnolls
  A white imp (D:6)
  2 ribbon worms
  3 dart slugs
  19 orcs
  11 ball pythons
  8 bats
  4 endoplasms
  3 giant cockroaches
  8 goblins
  2 hobgoblins (D:5)
  6 jackals
  4 quokkas
  3 frilled lizards
  9 kobolds
  A rat (D:3)
159 creatures vanquished.

Vanquished Creatures (collateral kills)
  A gnoll bouda (D:5)
  A hound (D:5)
  An iguana (D:3)
  2 adders
  4 gnolls
  2 goblins
11 creatures vanquished.

Vanquished Creatures (others)
  A spectral white imp (D:6)
  8 gnoll zombies (D:7)
  3 orc zombies
12 creatures vanquished.

Grand Total: 182 creatures vanquished

Notes
Turn   | Place    | Note
-------+----------+-------------------------------------------
     0 | D:1      | hawla the Minotaur Fighter began the quest for the Orb.
     0 | D:1      | Reached XP level 1. HP: 19/19 MP: 0/0
   156 | D:1      | Reached XP level 2. HP: 28/28 MP: 1/1
   651 | D:2      | Found the +9 staff of Olgreb {rPois∞}
   678 | D:2      | Reached skill level 5 in Fighting
   785 | D:2      | You fall into a shaft and drop 2 floors!
   799 | D:4      | Reached XP level 3. HP: 36/36 MP: 2/2
  1075 | D:3      | Found a basalt altar of Yredelemnul.
  1078 | D:3      | Found a faded altar of an unknown god.
  1084 | D:3      | Became a worshipper of Yredelemnul the Dark
  1151 | D:4      | Found an iron altar of Okawaru.
  1151 | D:4      | Found a bloodstained altar of Trog.
  1151 | D:4      | Found a shadowy altar of Dithmenos.
  1511 | D:3      | Reached XP level 4. HP: 44/44 MP: 3/3
  1511 | D:3      | Reached * piety under Yredelemnul
  1789 | D:2      | Reached XP level 5. HP: 51/51 MP: 4/4
  1906 | D:2      | Found a faded altar of an unknown god.
  2056 | D:3      | Found a runed translucent door.
  2057 | D:3      | Noticed Crazy Yiuf
  2541 | D:3      | Killed Crazy Yiuf
  2980 | D:5      | Entered Level 5 of the Dungeon
  3087 | D:5      | Reached XP level 6. HP: 62/62 MP: 5/5
  3164 | D:5      | Reached skill level 2 in Staves
  3201 | D:5      | Reached ** piety under Yredelemnul
  3262 | D:5      | Reached *** piety under Yredelemnul
  3267 | D:5      | Reached skill level 3 in Staves
  3267 | D:5      | Reached XP level 7. HP: 70/70 MP: 6/6
  3459 | D:5      | Reached skill level 4 in Staves
  3461 | D:5      | Reached **** piety under Yredelemnul
  3589 | D:5      | Reached skill level 5 in Staves
  3748 | D:5      | Found Fuxtoent's Assorted Antiques.
  3757 | D:5      | Bought a green potion for 21 gold pieces
  3757 | D:5      | Bought a glowing chain mail for 180 gold pieces
  3757 | D:5      | Bought a fuming silvery potion for 21 gold pieces
  3774 | D:5      | Reached ***** piety under Yredelemnul
  3877 | D:5      | Reached skill level 6 in Staves
  3965 | D:5      | Noticed Duvessa
  3965 | D:5      | Noticed Dowan
  3974 | D:5      | Killed Duvessa
  3981 | D:5      | Killed Dowan
  3982 | D:5      | Reached skill level 7 in Staves
  4364 | D:6      | Reached XP level 8. HP: 78/78 MP: 7/7
  4443 | D:6      | Found a snail-covered altar of Cheibriados.
  4476 | D:6      | Noticed Jeremiah
  4498 | D:6      | Killed Jeremiah
  4499 | D:6      | Reached skill level 9 in Staves
  4833 | D:6      | Noticed Eustachio
  4838 | D:6      | Killed Eustachio
  4839 | D:6      | Reached skill level 10 in Staves
  5079 | D:6      | Noticed Edmund
  5092 | D:6      | Killed Edmund
  5258 | D:7      | Reached skill level 11 in Staves
  5454 | D:7      | Reached XP level 9. HP: 69/82 MP: 8/8
  5557 | D:7      | Reached skill level 12 in Staves
  5906 | D:7      | Found a staircase to the Ecumenical Temple.
  6140 | D:8      | Noticed Pikel
  6198 | D:8      | Killed Pikel
  6199 | D:8      | Reached skill level 13 in Staves
  6536 | D:8      | Reached skill level 14 in Staves
  6540 | D:8      | Reached skill level 1 in Evocations
  7027 | D:9      | Noticed a centaur warrior
  7039 | D:9      | Shot with an arrow by a centaur warrior

Illustrated notes

Levels and vault maps discovered:
D:1:      amcnicky_arrival_abandoned_market, layout_basic
D:2:      layout_rooms, ebering_ecumenical_altar_petrified, minmay_tall_x
D:3:      layout_loops_ring, nicolae_overflow_ecumenical_swirl,
          uniq_crazy_yiuf_cottage
D:4:      layout_loops_corners, gammafunk_temple_overflow_claw
D:5:      corexii_shack_village, layout_loops_corners, serial_shops, shop,
          uniq_duvessa
D:6:      layout_basic, slow_altar_1, serial_glass, glass_columns_b,
          glass_columns_a, uniq_eustachio, uniq_edmund, uniq_jeremiah
D:7:      layout_loops_cross, minmay_temple_entry_ruins
D:8:      layout_loops_cross, minmay_misc_feat_roman, nrook_mini_vaults,
          uniq_pikel
D:9:      layout_roguey

Skill      XL: |  1  2  3  4  5  6  7  8  9 |
---------------+----------------------------+-----
Fighting       | 4 5 6 8 9 |  9.0
Staves         | 3 7 11 14 | 14.0
Evocations     | 3 |  3.3
Long Blades    | |  2.4
Armour         | |  3.6
Shields        | |  3.6

Action                     |  1- 3 |  4- 6 |  7- 9 || total
---------------------------+-------+-------+-------++-------
  Melee: Long sword        |    87 |    31 |       ||   118
         Headbutt          |     7 |    12 |    37 ||    56
         Staff             |       |    69 |   168 ||   237
         Quarterstaff      |       |       |    75 ||    75
 Invoke: Dark Bargain      |       |       |     1 ||     1
         Recall Undead Har |       |       |     1 ||     1
  Evoke: Wand              |       |       |     5 ||     5
    Use: Scroll            |       |    11 |    12 ||    23
         Potion            |       |       |     1 ||     1
   Stab: Distracted        |       |       |     1 ||     1
 Armour: Scale mail        |    82 |    34 |       ||   116
         Chain mail        |       |    30 |   181 ||   211
  Dodge: Dodged            |    38 |    26 |    83 ||   147
  Block: Buckler           |    16 |    18 |    30 ||    64
